 Dungeon Crawl Stone Soup version 0.26-a0-466-g989023bd0d (webtiles) character file.

Game seed: 12832717549310711071

273 pk666 the Magician (level 6, -10/32 HPs)
             Began as a Deep Elf Hedge Wizard on Aug 13, 2020.
             Mangled by a wraith (13 damage)
             ... in an ossuary.
             The game lasted 00:06:57 (4556 turns).

pk666 the Magician (Deep Elf Hedge Wizard)          Turns: 4556, Time: 00:06:58

Health: -10/32     AC:  4    Str:  7    XL:     6   Next: 2%
Magic:  4/16       EV: 13    Int: 21    God:
Gold:   207        SH:  0    Dex: 14    Spells: 5/16 levels left

rFire    . . .     SeeInvis .   q - +2 dagger (venom)
rCold    . . .     Faith    .   (no shield)
rNeg     . . .     Spirit   .   b - +0 robe
rPois    .         Reflect  .   c - +0 hat
rElec    .         Harm     .   (no cloak)
rCorr    .                      s - +0 pair of gloves
MR       .....                  h - +0 pair of boots (curse)
Stlth    ++........             (no amulet)
HPRegen  0.10/turn              (no ring)
MPRegen  0.15/turn              (no ring)

@: no status effects
A: no striking features
a: no special abilities


You were in an ossuary.
You visited 1 branch of the dungeon, and saw 4 of its levels.
You also visited: Ossuary.

You collected 207 gold pieces.

Inventory:

Hand Weapons
 q - a +2 dagger of venom (weapon)
Missiles
 a - 2 javelins (quivered)
Armour
 b - a +0 robe (worn)
 c - a +0 hat (worn)
 h - a cursed +0 pair of boots (worn)
 s - a +0 pair of gloves (worn)
Jewellery
 m - a +6 ring of dexterity {unknown}
 w - an uncursed amulet of reflection {unknown}
Scrolls
 d - 7 scrolls of identify {unknown}
 f - 2 scrolls of remove curse {unknown}
 g - 2 scrolls of magic mapping {unknown}
 i - 4 scrolls of teleportation {unknown}
 j - a scroll of noise {unknown}
 k - 2 scrolls of enchant armour {unknown}
 l - a scroll of amnesia {unknown}
 n - 2 scrolls of enchant weapon {unknown}
 v - a scroll of acquirement {unknown}
Potions
 e - 2 potions of lignification
 r - a potion of brilliance {unknown}
 t - a potion of berserk rage {unknown}
 u - a potion of flight {unknown}


   Skills:
 - Level 2.4 Dodging
 - Level 2.4 Stealth
 + Level 5.7 Spellcasting
 + Level 3.2 Conjurations
 - Level 2.0 Summonings
 - Level 2.0 Translocations
 + Level 2.1 Fire Magic
 + Level 1.9 Air Magic
 - Level 2.0 Poison Magic


You had 5 spell levels left.
You knew the following spells:

 Your Spells              Type           Power        Failure   Level
a - Magic Dart            Conj           ###.         2%          1
b - Blink                 Tloc           N/A          7%          2
c - Conjure Flame         Conj/Fire      ###.....     10%         3
d - Mephitic Cloud        Conj/Pois/Air  ###.....     11%         3
e - Call Imp              Summ           ##......     7%          2

Your spell library contained the following spells:

 Spells                   Type           Power        Failure   Level
 Slow                     Hex            #.......     16%         2


Dungeon Overview and Level Annotations

Branches:
Dungeon (4/15)            Ossuary (1/1)
 Temple: D:4-7

Altars:
Zin


Message History

You feel less wooden.
Your +0 hat unmelds from your body.
Your +0 pair of gloves unmelds from your body.
Your cursed +0 pair of boots unmelds from your body.
Your +0 robe unmelds from your body.
You feel yourself speed up. The wraith barely misses you. The wraith hits you!
* * * LOW HITPOINT WARNING * * *
You feel better. The wraith hits you!
* * * LOW HITPOINT WARNING * * *
The wraith drains your vigour!
You feel yourself slow down. The wraith hits you but does no damage.
The wraith misses you. The wraith barely misses you. The wraith hits you.
* * * LOW HITPOINT WARNING * * *
The wraith completely misses you.
You feel yourself speed up. The wraith hits you!
You die...

...#.#^.#.#..#.#.......^#
........................# ###
#.......###.......####..# #W#
....8...# #...8....'.#..# ###
#.......#+#.......####..# ##.##
....^...#.#.............###...##
..^.....................##.....##
#..####.....####..####..'...∩...#
...# +...8...+ #@..'.#..'.......#
#..####.....####W.####..'...∩...#
........................##.....##
......^.#.#.............###...##
#.......#+#.......####..# ##.##
....8...# #...8....'.#..# ###
#.......###.......####^.# #W#
........................# ###
...#.#..#.#..#.#........#


You could see a wraith.

Vanquished Creatures
  An elf zombie (Ossuary)
  A scorpion (D:4)
  A hound (D:4)
  A worker ant (D:4)
  A mummy (Ossuary)
  2 adders
  An ooze (D:1)
  A worm (D:3)
  A dart slug (D:1)
  2 leopard geckos
  3 orcs (D:4)
  A bat zombie (D:1)
  2 giant cockroaches (D:1)
  5 goblins
  7 hobgoblins
  6 jackals (D:1)
  2 quokkas
  2 ball pythons
  5 bats
  3 frilled lizards
  2 goblin zombies (Ossuary)
  2 hobgoblin zombies (Ossuary)
  A jackal zombie (D:1)
  5 kobolds
  5 kobold zombies (Ossuary)
  5 rats
68 creatures vanquished.

Notes
Turn   | Place    | Note
-------+----------+-------------------------------------------
     0 | D:1      | pk666 the Deep Elf Hedge Wizard began the quest for the
                  | Orb.
     0 | D:1      | Reached XP level 1. HP: 10/10 MP: 7/7
   227 | D:1      | Reached XP level 2. HP: 11/15 MP: 1/9
   231 | D:1      | Learned a level 2 spell: Blink
   499 | D:1      | You fall into a shaft and drop 1 floor!
   669 | D:1      | Reached skill level 5 in Spellcasting
  1086 | D:2      | Reached XP level 3. HP: 19/19 MP: 8/11
  1091 | D:2      | Learned a level 3 spell: Conjure Flame
  1095 | D:2      | Learned a level 3 spell: Mephitic Cloud
  1098 | D:2      | Learned a level 2 spell: Call Imp
  1172 | D:2      | Noticed an angel
  1173 | D:2      | Found a glowing silver altar of Zin.
  2835 | D:3      | Reached XP level 4. HP: 24/24 MP: 11/13
  3499 | D:4      | Reached skill level 1 in Poison Magic
  3567 | D:4      | Reached skill level 1 in Fire Magic
  3567 | D:4      | Reached skill level 1 in Air Magic
  3671 | D:4      | Found a sand-covered staircase.
  3691 | D:4      | Reached XP level 5. HP: 28/28 MP: 5/14
  3765 | Ossuary  | Entered an ossuary
  3765 | Ossuary  | Noticed a wraith
  3765 | Ossuary  | Noticed a wraith
  3765 | Ossuary  | Noticed a wraith
  4187 | Ossuary  | Reached XP level 6. HP: 32/32 MP: 4/16
  4517 | Ossuary  | Noticed a wraith
  4556 | Ossuary  | Mangled by a wraith

Illustrated notes

Levels and vault maps discovered:
D:1:      saegor_arrival_fortress, layout_loops_ring,
          minmay_misc_feat_nine_boxes
D:2:      layout_loops_ring, zin_angel, minmay_strange_pillars
D:3:      layout_loops_corners
D:4:      layout_basic, kennysheep_little_box, serial_shops,
          nicolae_shop_window_shopping, nicolae_ossuary_entry_monument,
          grunt_decor_fettered, uniq_natasha
Ossuary:  ossuary_kennysheep_city_of_the_dead

Skill      XL: |  1  2  3  4  5 |
---------------+----------------+-----
Conjurations   | 2 3 |  3.2
Spellcasting   | 5 |  5.7
Translocations | 2 |  2.0
Poison Magic   | 1 2 |  2.0
Fire Magic     | 1 2 |  2.1
Air Magic      | 1 |  1.9
Summonings     | 2 |  2.0
Dodging        | |  2.4
Stealth        | |  2.4

Action                   |  1- 3 |  4- 6 || total
-------------------------+-------+-------++-------
Melee: Dagger            |    15 |    13 ||    28
Throw: Javelin           |       |     2 ||     2
 Cast: Magic Dart        |   107 |    94 ||   201
       Conjure Flame     |       |     3 ||     3
       Mephitic Cloud    |       |     1 ||     1
       Call Imp          |       |     1 ||     1
       Blink             |       |     2 ||     2
  Use: Potion            |       |     4 ||     4
Armor: Robe              |    11 |     7 ||    18
       Skin              |       |     2 ||     2
Dodge: Dodged            |    27 |    20 ||    47

Table legend: (Time is in decaauts)
 A = Elapsed time spent in this place.
 B = Non-inter-level travel time spent in this place.
 C = Inter-level travel time spent in this place.
 D = Time resting spent in this place.
 E = Time spent auto-exploring this place.
 F = Levels seen in this place.
 G = Mean time per level.
                   A        B        C        D        E       F      G
               +--------+--------+--------+--------+--------+-----+--------+
         Total |   4565 |   4357 |    208 |    720 |   2936 |   5 |  913.0 |
       Dungeon |   3766 |   3558 |    208 |    384 |   2778 |   4 |  941.5 |
       Ossuary |    798 |    798 |      0 |    336 |    158 |   1 |  798.0 |
               +--------+--------+--------+--------+--------+-----+--------+

Top non-repeatable levels by time:
     D:1: 1448 daAuts
     D:3: 1145 daAuts
     D:2: 803 daAuts
 Ossuary: 798 daAuts
     D:4: 368 daAuts
